 Dungeon Sprint DCSS version 0.17.1-3-g152610e (webtiles) character file.

8372 Elvalys the Eclecticist (level 11, -2/64 HPs)
             Began as a Deep Elf Fire Elementalist on Apr 24, 2016.
             Was the Champion of Jiyva.
             Shot with an arrow by a centaur (4 damage)
             ... in the Dungeon (Sprint V: "Ziggurat Sprint").
             The game lasted 00:13:21 (255 turns).

Elvalys the Eclecticist (Deep Elf Fire Elementalist) Turns: 255, Time: 00:13:21

Health: -2/64      AC:  4    Str:  5    XL:     11   Next: 9%
Magic:  37/42      EV: 14    Int: 30    God:    Jiyva [******]
Gold:   0          SH:  0    Dex: 29    Spells: 3 memorised, 39 levels left

rFire  . . .     SeeInvis +     H - +6 Majin-Bo {vamp, Archmagi MP+6 Int+6}
rCold  . . .     Clarity  .     O - +0 robe {MR+}
rNeg   . . .     SustAt   .     (shield currently unavailable)
rPois  .         Gourm    .     (helmet restricted)
rElec  .         Spirit   .     (no cloak)
rCorr  +         Warding  .     (no gloves)
rMut   .         NoTele   +     (no boots)
MR     ++...                    (no amulet)
Stlth  ++++......               C - +6 ring of dexterity
                                B - +6 ring of dexterity

@: very resistant to hostile enchantments, stealthy
A: horns 1, molten scales 1, yellow scales 1, see invisible, agile 1,
regeneration 1, robust 2, pseudopods 1, translucent skin 3, evolution 1,
tendrils, jelly sensing items
a: Request Jelly, Jelly Paralyse, Slimify, Cure Bad Mutation, Renounce Religion


You were in the Dungeon.
You worshipped Jiyva.
Jiyva was exalted by your worship.
You were completely stuffed.

You visited 1 branch

Inventory:

Hand Weapons
 H - the +6 Majin-Bo (weapon) {vamp, Archmagi MP+6 Int+6}
   (You found it in the Dungeon)

   It inflicts no extra harm, but heals its wielder somewhat when it strikes a
   living foe.
   It affects your intelligence (+6).
   It affects your magic capacity (+6).
 K - the +7 Singing Sword
   (You found it in the Dungeon)
 L - the +8 lance "Wyrmbane" {slay drac, +Rage rPois rF+ AC+5}
   (You found it in the Dungeon)

   It affects your AC (+5).
   It protects you from fire.
   It protects you from poison.
   It lets you go berserk.
 M - the +6 shillelagh "Devastator" {shatter}
   (You found it in the Dungeon)
 R - the +4 arc blade {discharge, rElec}
   (You took it off a draconian in the Dungeon)

   It insulates you from electricity.
Armour
 a - a +0 robe
 I - the +15 Maxwell's patent armour {-Cast -Tele rElec MR+ rCorr}
   (You found it in the Dungeon)

   It insulates you from electricity.
   It affects your resistance to hostile enchantments.
   It prevents spellcasting.
   It prevents most forms of teleportation.
   It protects you from acid and corrosion.
 J - the +18 shield of the gong {rElec rN+ MR+ EV-5}
   (You found it in the Dungeon)

   It affects your evasion (-5).
   It insulates you from electricity.
   It protects you from negative energy.
   It affects your resistance to hostile enchantments.
 N - a quicksilver dragon armour
 O - a +0 robe of magic resistance (worn)
Jewellery
 B - a +6 ring of dexterity (left hand)
 C - a +6 ring of dexterity (right hand)
 D - a +6 ring of intelligence
 E - a +6 ring of intelligence
 F - a +6 ring of strength
 G - a +6 ring of strength
 P - the ring of Goadghoidd {Str+5 Int+5 Stlth+}
   (You found it in the Dungeon)

   [ring of strength]

   It affects your strength (+5).
   It affects your intelligence (+5).
   It makes you more stealthy.
 Q - an uncursed ring of wizardry
 V - an uncursed ring of protection from cold
 W - the amulet of Qoeloevo {Clar MR- Int+5 Dex+3}
   (You found it in the Dungeon)

   [amulet of clarity]

   It provides mental clarity.
   It affects your intelligence (+5).
   It affects your dexterity (+3).
   It affects your resistance to hostile enchantments.
 X - the ring "Quptonu" {Ice rElec MR- Int+4}
   (You found it in the Dungeon)

   [ring of ice]

   It enhances your ice magic, and weakens your fire magic.
   It affects your intelligence (+4).
   It makes you vulnerable to fire.
   It protects you from cold.
   It insulates you from electricity.
   It affects your resistance to hostile enchantments.
Wands
 x - a wand of disintegration (7)
 y - a wand of fire (5)
 z - a wand of cold (5)
 A - a wand of draining (5)
 T - a wand of hasting (4)
Scrolls
 i - 4 scrolls of blinking
 m - 4 scrolls of amnesia
 p - 3 scrolls of recharging
 q - 7 scrolls of fog
 r - a scroll of holy word
 s - 5 scrolls of identify
 t - 5 scrolls of remove curse
 u - 2 scrolls of fear
Potions
 d - 10 potions of curing
 e - 9 potions of heal wounds
 f - 6 potions of haste
 g - 7 potions of magic
 h - 3 potions of berserk rage
 j - 2 potions of brilliance
 k - 2 potions of invisibility
 l - 4 potions of resistance
 n - 5 potions of agility
 o - 5 potions of might
Books
 b - a book of Flames

   Spells                             Type                      Level
   a - Flame Tongue                   Conjuration/Fire             1
   b - Throw Flame                    Conjuration/Fire             2
   c - Conjure Flame                  Conjuration/Fire             3
   d - Inner Flame                    Hexes/Fire                   3
   e - Sticky Flame                   Conjuration/Fire             4
   f - Fireball                       Conjuration/Fire             5
 S - a book of Debilitation

   Spells                             Type                      Level
   a - Corona                         Hexes                        1
   b - Slow                           Hexes                        2
   c - Gell's Gravitas                Hexes/Translocation          3
   d - Inner Flame                    Hexes/Fire                   3
   e - Cause Fear                     Hexes                        4
   f - Leda's Liquefaction            Hexes/Earth                  4
 U - a book of the Sky

   Spells                             Type                      Level
   a - Summon Lightning Spire         Summoning/Air                4
   b - Airstrike                      Air                          4
   c - Silence                        Hexes/Air                    5
   d - Deflect Missiles               Charms/Air                   6
   e - Conjure Ball Lightning         Conjuration/Air              6
   f - Tornado                        Air                          9
 Y - a book of Hinderance

   Spells                             Type                      Level
   a - Confusing Touch                Hexes                        2
   b - Confuse                        Hexes                        3
   c - Gell's Gravitas                Hexes/Translocation          3
   d - Petrify                        Transmutation/Earth          4
   e - Metabolic Englaciation         Hexes/Ice                    5
Comestibles
 c - 5 bread rations
 v - 42 fruits
 w - 4 meat rations


   Skills:
 - Level 2.4 Dodging
 - Level 2.4 Stealth
 * Level 19.8 Spellcasting
 * Level 13.9 Conjurations
 + Level 17.9 Fire Magic


You had 39 spell levels left.
You knew the following spells:

 Your Spells              Type           Power        Failure   Level  Hunger
a - Flame Tongue          Conj/Fire      #####        0%          1    None
b - Fireball              Conj/Fire      ########..   1%          5    None
c - Leda's Liquefaction   Hex/Erth       #####.....   17%         4    None


Dungeon Overview and Level Annotations

Branches:
Dungeon (1/1)

Altars:
Ashenzari
Cheibriados
Dithmenos
Elyvilon
Fedhas
Gozag
Kikubaaqudgha
Makhleb
Nemelex Xobeh
Okawaru
Qazlal
Ru
Sif Muna
Trog
Vehumet
Xom
Yredelemnul
Zin
The Shining One
Beogh
Jiyva
Lugonu


Innate Abilities, Weirdness & Mutations

You have a pair of small horns on your head.
You are partially covered in molten scales (AC +1).
You are partially covered in yellow scales (AC +2).
You have supernaturally acute eyesight.
You are agile. (Dex +2)
Your natural rate of healing is unusually fast.
You are very robust (+20% HP).
Armour fits poorly on your pseudopods.
Your skin is entirely transparent (Stealth, -foe acc).
You evolve.
You are covered in slimy tendrils that may disarm your opponents.
You have a small jelly attached to you that senses nearby items.


Message History

Ouch! That really hurt!
* * * LOW HITPOINT WARNING * * *
You shudder from the blast and a flood of jellies pours out from you!
Casting: Fireball
Confirm with . or Enter, or press ? or * to list all spells.
Aiming: Fireball
Press: ? - help, Shift-Dir - straight line, f - centaur, p - cyclops
Aim: a centaur, wielding a shortbow You feel a surge of power!
The fireball explodes!
The fireball engulfs the centaur.
You kill the centaur!
The fireball engulfs the cyclops.
You kill the cyclops!
The fireball engulfs the centaur.
You kill the centaur!
The fireball engulfs the yaktaur captain.
The yaktaur captain is heavily wounded.
* * * LOW HITPOINT WARNING * * *
The centaur shoots an arrow.
The arrow hits you.
You die...

∆∆∆∆∆
▓.sCcC):..▓
∆∆∆∆∆
▓...))c...▓
▓....())..▓
▓.........▓
▓......J..▓
▓...J.J...▓
▓.▓.....▓.▓
▓....@.J..▓
▓▓▓▓▓▓▓▓▓▓▓
∆∆∆∆∆∆∆∆∆
∆∆∆∆∆∆∆∆∆∆


You could see a yaktaur captain, 2 cyclopes, a centaur, a scorpion, 2 friendly
acid blobs and 2 friendly azure jellies.

Vanquished Creatures
  A deep elf death mage (D)
  A deep elf knight (D)
  A deep elf summoner (D)
  A cyclops (D)
  4 draconians (D)
  2 ugly things (D)
  5 merfolk (D)
  3 wind drakes (D)
  A two-headed ogre (shapeshifter) (D)
  2 air elementals (D)
  A deep elf mage (D)
  A spriggan (D)
  2 deep elf fighters (D)
  A hippogriff (D)
  A wolf (D)
  2 insubstantial wisps (D)
  A porcupine (D)
  2 black bears (D)
  2 boggarts (shapeshifter) (D)
  A necrophage (D)
  4 centaurs (D)
  2 sheep (D)
  An adder (D)
  2 adder skeletons (D)
  A bat skeleton (D)
  A bat zombie (D)
  A ball python (D)
  A giant cockroach zombie (D)
  2 jackals (D)
50 creatures vanquished.

Vanquished Creatures (others)
  3 jellies (D)
3 creatures vanquished.

Grand Total: 53 creatures vanquished

Notes
Turn   | Place    | Note
--------------------------------------------------------------
     0 | D        | Elvalys the Deep Elf Fire Elementalist began the quest for the Orb.
     0 | D        | Reached XP level 1. HP: 10/10 MP: 6/6
     0 | D        | Found a roughly hewn altar of Beogh.
     0 | D        | Found a corrupted altar of Lugonu.
     0 | D        | Found a viscous altar of Jiyva.
     0 | D        | Found a white marble altar of Elyvilon.
     0 | D        | Found a sparkling altar of Nemelex Xobeh.
     0 | D        | Found a burning altar of Makhleb.
     0 | D        | Found an iron altar of Okawaru.
     0 | D        | Found a deep blue altar of Sif Muna.
     0 | D        | Found a radiant altar of Vehumet.
     0 | D        | Found a bloodstained altar of Trog.
     0 | D        | Found a shimmering altar of Xom.
     2 | D        | Reached skill level 6 in Spellcasting
     2 | D        | Reached skill level 5 in Conjurations
     2 | D        | Reached XP level 2. HP: 15/15 MP: 6/11
    46 | D        | Became a worshipper of Jiyva Jipasoph the Shapeless
    54 | D        | Reached * piety under Jiyva
    54 | D        | Reached ** piety under Jiyva
    56 | D        | Entered arena 1.
    56 | D        | Reached *** piety under Jiyva
    56 | D        | Gained mutation: Your rubbery body absorbs attacks (AC +1). [Jiyva's grace]
    57 | D        | Gained mutation: Your muscles are strong. (Str +2) [Jiyva's grace]
    61 | D        | Reached skill level 7 in Spellcasting
    61 | D        | Reached skill level 5 in Fire Magic
    61 | D        | Reached **** piety under Jiyva
    61 | D        | Lost mutation: Your muscles are strong. (Str +2) [Jiyva's grace]
    61 | D        | Reached ***** piety under Jiyva
    61 | D        | Gained mutation: You have a small jelly attached to you that senses nearby items. [Jiyva's grace]
    61 | D        | Gained mutation: You have acidic saliva. [Jiyva's grace]
    64 | D        | Reached ****** piety under Jiyva
    64 | D        | Gained mutation: Your pliable body absorbs attacks (AC +1, EV +1). [Jiyva's grace]
    64 | D        | Gained mutation: You are weak. (Str -2) [Jiyva's grace]
    64 | D        | Lost mutation: You are weak. (Str -2) [Jiyva's grace]
    65 | D        | Lost mutation: You have a small jelly attached to you that senses nearby items. [Jiyva's grace]
    65 | D        | Gained mutation: Your muscles are strong. (Str +2) [Jiyva's grace]
    67 | D        | Gained mutation: You evolve. [Jiyva's grace]
    67 | D        | Gained mutation: You have a small jelly attached to you that may absorb incoming projectiles. [Jiyva's grace]
    67 | D        | Gained mutation: You passively map a small area around you. [Jiyva's grace]
    67 | D        | Gained mutation: You rapidly evolve. [Jiyva's grace]
    69 | D        | Lost mutation: You rapidly evolve. [Jiyva's grace]
    70 | D        | Entered arena 2.
    70 | D        | Noticed a porcupine
    70 | D        | Lost mutation: You have a small jelly attached to you that may absorb incoming projectiles. [Jiyva's grace]
    70 | D        | Gained mutation: You are covered in slimy tendrils that may disarm your opponents. [Jiyva's grace]
    70 | D        | Gained mutation: You have a small jelly attached to you that may absorb incoming projectiles. [Jiyva's grace]
    71 | D        | Lost mutation: Your muscles are strong. (Str +2) [Jiyva's grace]
    72 | D        | Lost mutation: You evolve. [Jiyva's grace]
    72 | D        | Gained mutation: You have large cloven feet. [Jiyva's grace]
    72 | D        | Gained mutation: Your gelatinous body deflects attacks (AC +2, EV +2). [Jiyva's grace]
    72 | D        | Gained mutation: Your skin is partially translucent (Stealth, -foe acc). [Jiyva's grace]
    72 | D        | Lost mutation: You have large cloven feet. [Jiyva's grace]
    72 | D        | Gained mutation: You have a beak for a mouth. [Jiyva's grace]
    72 | D        | Lost mutation: You passively map a small area around you. [Jiyva's grace]
    72 | D        | Lost mutation: You are covered in slimy tendrils that may disarm your opponents. [Jiyva's grace]
    72 | D        | Lost mutation: You have a beak for a mouth. [Jiyva's grace]
    72 | D        | Gained mutation: You are dopey. (Int -2) [Jiyva's grace]
    73 | D        | Killed a porcupine
    73 | D        | Reached skill level 8 in Spellcasting
    73 | D        | Reached XP level 3. HP: 19/19 MP: 13/15
    73 | D        | Reached XP level 4. HP: 24/24 MP: 13/16
    74 | D        | Gained mutation: Your skin is mostly translucent (Stealth, -foe acc). [Jiyva's grace]
    74 | D        | Lost mutation: You are dopey. (Int -2) [Jiyva's grace]
    74 | D        | Lost mutation: Your skin is mostly translucent (Stealth, -foe acc). [Jiyva's grace]
    76 | D        | Gained mutation: You are covered in slimy tendrils that may disarm your opponents. [Jiyva's grace]
    76 | D        | Gained mutation: Your natural rate of healing is unusually fast. [Jiyva's grace]
    76 | D        | Gained mutation: You can translocate small distances at will. [Jiyva's grace]
    76 | D        | Lost mutation: You have acidic saliva. [Jiyva's grace]
    77 | D        | Gained mutation: Your spells are a little harder to cast, but a little more powerful. [Jiyva's grace]
    79 | D        | Entered arena 3.
    79 | D        | Noticed a spriggan
    79 | D        | Noticed a wolf
    79 | D        | Noticed a black bear
    79 | D        | Noticed a black bear
    80 | D        | Lost mutation: You can translocate small distances at will. [Jiyva's grace]
    81 | D        | Lost mutation: Your skin is partially translucent (Stealth, -foe acc). [Jiyva's grace]
    82 | D        | Killed a wolf
    82 | D        | Reached skill level 10 in Spellcasting
    82 | D        | Reached XP level 5. HP: 22/28 MP: 16/19
    84 | D        | Gained mutation: You are weak. (Str -2) [Jiyva's grace]
    85 | D        | Killed a black bear
    85 | D        | Reached skill level 11 in Spellcasting
    85 | D        | Reached skill level 10 in Fire Magic
    85 | D        | Reached XP level 6. HP: 32/32 MP: 20/22
    85 | D        | Killed a spriggan
    85 | D        | Gained mutation: You have a somewhat thin skeletal structure (Dex +2, Stealth). [Jiyva's grace]
    85 | D        | Gained mutation: You can breathe flames. [Jiyva's grace]
    86 | D        | Killed a black bear
    86 | D        | Reached skill level 12 in Spellcasting
    86 | D        | Reached XP level 7. HP: 36/36 MP: 22/24
    87 | D        | Lost mutation: You are weak. (Str -2) [Jiyva's grace]
    88 | D        | Gained mutation: You have a small jelly attached to you that senses nearby items. [Jiyva's grace]
    93 | D        | Got the ring of Goadghoidd {Str+5 Int+5 Stlth+}
    95 | D        | Gained mutation: Your body is partially covered in golden eyeballs (Acc +3). [Jiyva's grace]
    98 | D        | Lost mutation: Your gelatinous body deflects attacks (AC +2, EV +2). [Jiyva's grace]
   103 | D        | Learned a level 5 spell: Fireball
   103 | D        | Lost mutation: Your spells are a little harder to cast, but a little more powerful. [Jiyva's grace]
   111 | D        | Gained mutation: Your body sometimes deteriorates upon taking damage. [Jiyva's grace]
   115 | D        | Lost mutation: You have a small jelly attached to you that senses nearby items. [Jiyva's grace]
   116 | D        | Lost mutation: You have a small jelly attached to you that may absorb incoming projectiles. [Jiyva's grace]
   119 | D        | Gained mutation: You are robust (+10% HP). [Jiyva's grace]
   121 | D        | Lost mutation: Your body sometimes deteriorates upon taking damage. [Jiyva's grace]
   123 | D        | Gained mutation: Your body is mostly covered in golden eyeballs (Acc +5). [Jiyva's grace]
   125 | D        | Gained mutation: Your gelatinous body deflects attacks (AC +2, EV +2). [Jiyva's grace]
   127 | D        | Lost mutation: You can breathe flames. [Jiyva's grace]
   129 | D        | Lost mutation: You are covered in slimy tendrils that may disarm your opponents. [Jiyva's grace]
   129 | D        | Gained mutation: You have large cloven feet. [Jiyva's grace]
   138 | D        | Lost mutation: Your natural rate of healing is unusually fast. [Jiyva's grace]
   139 | D        | Entered arena 4.
   139 | D        | Noticed a draconian
   139 | D        | Noticed a draconian
   139 | D        | Noticed a draconian
   139 | D        | Noticed a draconian
   142 | D        | Killed a draconian
   142 | D        | Reached skill level 13 in Spellcasting
   142 | D        | Killed a draconian
   142 | D        | Reached skill level 14 in Spellcasting
   142 | D        | Reached XP level 8. HP: 45/45 MP: 26/28
   142 | D        | Gained mutation: You have acidic saliva. [Jiyva's grace]
   143 | D        | Killed a draconian
   143 | D        | Reached skill level 10 in Conjurations
   144 | D        | Killed a draconian
   144 | D        | Reached skill level 15 in Spellcasting
   144 | D        | Reached XP level 9. HP: 45/49 MP: 24/30
   149 | D        | Gained mutation: Your skin is partially translucent (Stealth, -foe acc). [Jiyva's grace]
   151 | D        | Lost mutation: You have acidic saliva. [Jiyva's grace]
   154 | D        | Lost mutation: Your body is mostly covered in golden eyeballs (Acc +5). [Jiyva's grace]
   155 | D        | Learned a level 4 spell: Leda's Liquefaction
   157 | D        | Lost mutation: You have large cloven feet. [Jiyva's grace]
   169 | D        | Lost mutation: Your gelatinous body deflects attacks (AC +2, EV +2). [Jiyva's grace]
   171 | D        | Entered arena 5.
   171 | D        | Noticed a boggart
   171 | D        | Noticed a boggart
   171 | D        | Noticed a white ugly thing
   171 | D        | Noticed a red ugly thing
   171 | D        | Noticed a two-headed ogre
   172 | D        | Killed a boggart
   172 | D        | Killed a boggart
   173 | D        | Killed a two-headed ogre
   173 | D        | Killed a white ugly thing
   173 | D        | Reached skill level 16 in Spellcasting
   173 | D        | Reached skill level 15 in Fire Magic
   173 | D        | Gained mutation: You have a pair of small horns on your head. [Jiyva's grace]
   174 | D        | Gained mutation: Your skin is mostly translucent (Stealth, -foe acc). [Jiyva's grace]
   175 | D        | Killed a red ugly thing
   176 | D        | Gained mutation: Your muscles are strong. (Str +2) [Jiyva's grace]
   179 | D        | Gained mutation: You have a small jelly attached to you that may absorb incoming projectiles. [Jiyva's grace]
   179 | D        | Lost mutation: You have a small jelly attached to you that may absorb incoming projectiles. [Jiyva's grace]
   181 | D        | Gained mutation: Your body is mostly covered in golden eyeballs (Acc +5). [Jiyva's grace]
   182 | D        | Lost mutation: Your body is mostly covered in golden eyeballs (Acc +5). [Jiyva's grace]
   186 | D        | Entered arena 6.
   186 | D        | Noticed a deep elf summoner
   186 | D        | Noticed a deep elf knight
   186 | D        | Noticed a deep elf death mage
   186 | D        | Noticed a deep elf fighter
   186 | D        | Noticed a deep elf fighter
   186 | D        | Noticed a deep elf mage
   187 | D        | Killed a deep elf fighter
   187 | D        | Gained mutation: You are partially covered in rugged brown scales (AC +1, +3% HP). [Jiyva's grace]
   189 | D        | Killed a deep elf summoner
   189 | D        | Reached skill level 17 in Spellcasting
   189 | D        | Killed a deep elf knight
   189 | D        | Reached XP level 10. HP: 52/56 MP: 28/33
   189 | D        | Killed a deep elf death mage
   189 | D        | Reached skill level 18 in Spellcasting
   190 | D        | Killed a deep elf fighter
   190 | D        | Killed a deep elf mage
   192 | D        | Gained mutation: Armour fits poorly on your pseudopods. [Jiyva's grace]
   200 | D        | Gained mutation: You are covered in slimy tendrils that may disarm your opponents. [Jiyva's grace]
   202 | D        | Entered arena 7.
   202 | D        | Noticed a necrophage
   202 | D        | Lost mutation: You are partially covered in rugged brown scales (AC +1, +3% HP). [Jiyva's grace]
   203 | D        | Killed a necrophage
   203 | D        | Lost mutation: Armour fits poorly on your pseudopods. [Jiyva's grace]
   206 | D        | Gained mutation: You have a small jelly attached to you that senses nearby items. [Jiyva's grace]
   206 | D        | Gained mutation: You have acidic saliva. [Jiyva's grace]
   206 | D        | Lost mutation: You have a small jelly attached to you that senses nearby items. [Jiyva's grace]
   207 | D        | Lost mutation: Your body is partially covered in golden eyeballs (Acc +3). [Jiyva's grace]
   208 | D        | Lost mutation: You have a somewhat thin skeletal structure (Dex +2, Stealth). [Jiyva's grace]
   209 | D        | Gained mutation: Your skin is entirely transparent (Stealth, -foe acc). [Jiyva's grace]
   211 | D        | Gained mutation: You have supernaturally acute eyesight. [Jiyva's grace]
   212 | D        | Identified the Volume of the Blaze (You found it in the Dungeon)
   212 | D        | Gained mutation: Your spells are a little harder to cast, but a little more powerful. [Jiyva's grace]
   213 | D        | Entered arena 8.
   213 | D        | Noticed an air elemental
   213 | D        | Noticed a wind drake
   213 | D        | Noticed a wind drake
   213 | D        | Noticed a wind drake
   213 | D        | Noticed an insubstantial wisp
   213 | D        | Noticed an insubstantial wisp
   213 | D        | Noticed an air elemental
   213 | D        | Lost mutation: Your spells are a little harder to cast, but a little more powerful. [Jiyva's grace]
   214 | D        | Killed an air elemental
   214 | D        | Killed an air elemental
   215 | D        | Gained mutation: You are partially covered in molten scales (AC +1). [Jiyva's grace]
   216 | D        | Killed a wind drake
   216 | D        | Killed an insubstantial wisp
   216 | D        | Lost mutation: You have acidic saliva. [Jiyva's grace]
   216 | D        | Lost mutation: Your skin is entirely transparent (Stealth, -foe acc). [Jiyva's grace]
   216 | D        | Lost mutation: You have supernaturally acute eyesight. [Jiyva's grace]
   216 | D        | Gained mutation: You have a small jelly attached to you that senses nearby items. [Jiyva's grace]
   217 | D        | Killed a wind drake
   217 | D        | Killed an insubstantial wisp
   218 | D        | Killed a wind drake
   219 | D        | Gained mutation: You are partially covered in rough black scales (AC +4, Dex -1). [Jiyva's grace]
   220 | D        | Lost mutation: Your muscles are strong. (Str +2) [Jiyva's grace]
   225 | D        | Lost mutation: Your pliable body absorbs attacks (AC +1, EV +1). [Jiyva's grace]
   227 | D        | Entered arena 9.
   227 | D        | Noticed a hippogriff
   227 | D        | Noticed a merfolk
   227 | D        | Noticed a merfolk
   227 | D        | Noticed a merfolk
   227 | D        | Noticed a merfolk
   227 | D        | Noticed a merfolk
   228 | D        | Gained mutation: You have supernaturally acute eyesight. [Jiyva's grace]
   229 | D        | Killed a merfolk
   229 | D        | Reached skill level 19 in Spellcasting
   229 | D        | Gained mutation: You have a pair of horns on your head. [Jiyva's grace]
   230 | D        | Killed a hippogriff
   231 | D        | Killed a merfolk
   232 | D        | Killed a merfolk
   232 | D        | Killed a merfolk
   232 | D        | Gained mutation: You are partially covered in yellow scales (AC +2). [Jiyva's grace]
   233 | D        | Lost mutation: You are covered in slimy tendrils that may disarm your opponents. [Jiyva's grace]
   234 | D        | Killed a merfolk
   234 | D        | Reached XP level 11. HP: 59/59 MP: 36/36
   234 | D        | Gained mutation: You are agile. (Dex +2) [Jiyva's grace]
   235 | D        | Gained mutation: You evolve. [Jiyva's grace]
   237 | D        | Gained mutation: You have acidic saliva. [Jiyva's grace]
   238 | D        | Lost mutation: Your rubbery body absorbs attacks (AC +1). [Jiyva's grace]
   242 | D        | Gained mutation: You are very robust (+20% HP). [Jiyva's grace]
   243 | D        | Got the amulet of Qoeloevo {Clar MR- Int+5 Dex+3}
   243 | D        | Gained mutation: Your natural rate of healing is unusually fast. [Jiyva's grace]
   243 | D        | Lost mutation: You have acidic saliva. [Jiyva's grace]
   244 | D        | Lost mutation: You have a pair of horns on your head. [Jiyva's grace]
   244 | D        | Gained mutation: Armour fits poorly on your pseudopods. [Jiyva's grace]
   246 | D        | Got the ring "Quptonu" {Ice rElec MR- Int+4}
   249 | D        | Gained mutation: You are covered in slimy tendrils that may disarm your opponents. [Jiyva's grace]
   252 | D        | Entered arena 10.
   252 | D        | Noticed a cyclops
   252 | D        | Noticed a centaur
   252 | D        | Noticed a centaur
   252 | D        | Noticed a cyclops
   252 | D        | Noticed a yaktaur captain
   252 | D        | Noticed a centaur
   252 | D        | Noticed a centaur
   252 | D        | Noticed a cyclops
   252 | D        | Noticed a centaur
   252 | D        | Lost mutation: You are partially covered in rough black scales (AC +4, Dex -1). [Jiyva's grace]
   253 | D        | Killed a centaur
   253 | D        | Killed a centaur
   253 | D        | Identified a +7 rod of shadows (4/9)
   254 | D        | Gained mutation: Your skin is entirely transparent (Stealth, -foe acc). [Jiyva's grace]
   255 | D        | Killed a centaur
   255 | D        | Killed a cyclops
   255 | D        | Killed a centaur
   255 | D        | HP: 2/64 [the Majin-Bo (5)]
   255 | D        | Shot with an arrow by a centaur

Action                   |  1- 3 |  4- 6 |  7- 9 | 10-12 || total
-------------------------+-------+-------+-------+-------++-------
Melee: Shillelagh        |     7 |     5 |       |       ||    12
 Cast: Fireball          |       |       |    11 |    18 ||    29
Invok: Request Jelly     |     1 |     1 |     2 |     4 ||     8
  Use: Potion            |     1 |       |       |     1 ||     2
